 Dungeon Crawl Stone Soup version 0.32-a0-520-g344ed53f66 (webtiles) character file.

Game seed: 1349293213430918906

1 KennySheep the Shooter (level 1, 0/16 HPs)
             Began as a Coglin Hunter on Feb 28, 2024.
             Slain by a quokka (1 damage)
             ... on level 1 of the Dungeon.
             The game lasted 00:00:33 (44 turns).

KennySheep the Shooter (Coglin Hunter)                Turns: 44, Time: 00:00:34

Health: 0/16       AC:  3    Str: 11    XL:     1   Next: 20%
Magic:  1/1        EV: 12    Int:  8    God:
Gold:   0          SH:  0    Dex: 17    Spells: 0/0 levels left

rFire   . . .        a - +0 shortbow {Carlos}
rCold   . . .        (shield currently unavailable)
rNeg    . . .        c - +0 leather armour
rPois   .            (no helmet)
rElec   .            (no cloak)
rCorr   .            (no gloves)
SInv    .            (no boots)
Will    .....        (no amulet)
Stlth   ++           (ring unavailable)
HPRegen 0.22/turn    (ring unavailable)
MPRegen 0.07/turn

%: no passive effects
@: revved
A: off-hand wielding, slow wielding, warmup strikes, no rings
a: no special abilities


You were on level 1 of the Dungeon.
You visited 1 branch of the dungeon, and saw 1 of its levels.

Inventory:

Hand Weapons
 a - a +0 shortbow (weapon) {Carlos}
Armour
 c - a +0 leather armour (worn)
Scrolls
 b - a scroll of butterflies
 d - a scroll of immolation {unknown}


   Skills:
 + Level 2.0 Fighting
 * Level 3.6 Ranged Weapons
 - Level 1.8 Dodging
 + Level 0.7 Stealth


You couldn't memorise any spells.
You didn't know any spells.
Your spell library was empty.

Dungeon Overview and Level Annotations

Branches:
Dungeon (1/15)

Altars:


Innate Abilities, Weirdness & Mutations

You can wield a second weapon in your off-hand.
It takes a long time for you to wield or remove held weapons.
Your first few attacks do less damage.
Your grasper-arms cannot wear rings.


Message History

You shoot an arrow. The arrow hits the bat.
You kill the bat!
A quokka comes into view.
A quokka is nearby!
You shoot an arrow.
The arrow hits the quokka but does no damage.
You shoot an arrow. The arrow barely misses the quokka.
The quokka closely misses you. The quokka misses you.
You shoot an arrow. The arrow closely misses the quokka.
The quokka closely misses you.
You shoot an arrow. The arrow closely misses the quokka.
The quokka bites you. The quokka barely misses you.
You shoot an arrow.
The arrow hits the quokka but does no damage.
The quokka bites you.
You shoot an arrow. The arrow barely misses the quokka.
The quokka bites you. The quokka closely misses you.
You shoot an arrow. The arrow hits the quokka.
The quokka is lightly wounded.
The quokka closely misses you. The quokka completely misses you.
You shoot an arrow.
The arrow hits the quokka but does no damage.
The quokka is lightly wounded.
The quokka bites you.
You shoot an arrow.
The arrow hits the quokka but does no damage.
The quokka is lightly wounded.
The quokka bites you. The quokka closely misses you.
You shoot an arrow. The arrow barely misses the quokka.
The quokka bites you.
You shoot an arrow. The arrow closely misses the quokka.
The quokka bites you. x2
* * * LOW HITPOINT WARNING * * *
You shoot an arrow. The arrow closely misses the quokka.
The quokka completely misses you.
You shoot an arrow. The arrow barely misses the quokka.
The quokka closely misses you. The quokka bites you.
* * * LOW HITPOINT WARNING * * *
You shoot an arrow. The arrow hits the quokka.
The quokka is heavily wounded.
The quokka bites you.
You die...

###..#..####
....###....#
.....#.....# #.⌠.#.⌠.#.#
#.......#.# ###
.###...###.# ..# #
...........#####.##.###.
####...#####.....r......
##..#####.# #@#
##>...##.###.#
#........##.#
#.##.##.....#
#.##.#....###
#+##.#....). #.#....###
#.#....# #.+.....


You could see a quokka.

Vanquished Creatures
  A bat (D:1)
  A goblin (D:1)
2 creatures vanquished.

Notes
Turn   | Place    | Note
-------+----------+-------------------------------------------
     0 | D:1      | KennySheep the Coglin Hunter began the quest for the Orb.
     0 | D:1      | Reached XP level 1. HP: 16/16 MP: 1/1
    44 | D:1      | Slain by a quokka

Illustrated notes

Levels and vault maps discovered:
D:1:      dpeg_arrival_court, layout_basic, minmay_pentomino_t2

Action                     || total
---------------------------++-------
   Fire: Shortbow          ||    16
 Armour: Leather armour    ||    10
  Dodge: Dodged            ||    10

Table legend: (Time is in decaauts)
 A = Elapsed time spent in this place.
 B = Non-inter-level travel time spent in this place.
 C = Inter-level travel time spent in this place.
 D = Time resting spent in this place.
 E = Time spent auto-exploring this place.
 F = Levels seen in this place.
 G = Mean time per level.
                   A        B        C        D        E       F      G
               +--------+--------+--------+--------+--------+-----+--------+
         Total |     48 |     48 |      0 |      0 |     25 |   1 |   48.0 |
       Dungeon |     48 |     48 |      0 |      0 |     25 |   1 |   48.0 |
               +--------+--------+--------+--------+--------+-----+--------+

Top non-repeatable levels by time:
     D:1: 48 daAuts
